 Seeded DCSS version 0.28-a0-1613-gdaab1c2f9b (webtiles) character file.

Game seed: 11 (custom seed)

807 knot the Chopper (level 7, -3/52 HPs)
             Began as a Demonspawn Berserker on Jan 22, 2022.
             Was a Believer of Trog.
             Slain by an iguana (12 damage)
             ... on level 5 of the Dungeon.
             The game lasted 00:05:55 (6995 turns).

knot the Chopper (Demonspawn Berserker)             Turns: 6995, Time: 00:05:56

Health: -3/52      AC:  2    Str: 17    XL:     7   Next: 60%
Magic:  7/7        EV: 12    Int: 10    God:    Trog [**....]
Gold:   188        SH:  0    Dex: 13    Spells: 6/6 levels left

rFire   . . .      SeeInvis .   a - +0 hand axe
rCold   . . .      Faith    .   (no shield)
rNeg    . . .      Spirit   .   b - +0 animal skin
rPois   .          Reflect  .   (no helmet)
rElec   .          Harm     .   (no cloak)
rCorr   .          Rampage  .   (no gloves)
Will    .....                   (no boots)
Stlth   +.........              (no amulet)
HPRegen 0.17/turn               (no ring)
MPRegen 0.10/turn               (no ring)

@: on berserk cooldown, slowed, very slow
A: powered by death 2, sturdy frame 1, weakness stinger 1
a: Renounce Religion, Berserk, Trog's Hand


You were on level 5 of the Dungeon.
You worshipped Trog.
Trog was pleased with you.
You visited 1 branch of the dungeon, and saw 5 of its levels.
You also visited: Sewer.

You collected 188 gold pieces.

Inventory:

Hand Weapons
 a - a +0 hand axe (weapon)
Missiles
 d - 72 stones
 i - 8 boomerangs (quivered)
 q - 2 atropa-tipped darts
Armour
 b - a +0 animal skin (worn)
Jewellery
 w - an amulet of magic regeneration
Scrolls
 e - 8 scrolls of identify {unknown}
 k - a scroll of enchant weapon {unknown}
 l - a scroll of fog {unknown}
 o - a scroll of summoning {unknown}
 p - 4 scrolls of teleportation {unknown}
 t - a scroll of fear {unknown}
Potions
 c - 3 potions of brilliance {unknown}
 f - 3 potions of mutation {unknown}
 g - a potion of attraction {unknown}
 h - 2 potions of lignification {unknown}
 j - a potion of curing {unknown}
 m - 2 potions of magic {unknown}
 n - 4 potions of degeneration {unknown}
 r - 2 potions of cancellation {unknown}
 s - a potion of berserk rage {unknown}
 u - a potion of flight {unknown}
 v - a potion of invisibility {unknown}


   Skills:
 - Level 3.0 Fighting
 * Level 7.6 Axes
 * Level 3.1 Throwing
 - Level 1.7 Armour
 - Level 1.7 Dodging


You had 6 spell levels left.
You didn't know any spells.
Your spell library contained the following spells:

 Spells                   Type           Power      Damage    Failure   Level
 Blink                    Tloc           0%         N/A       50%         2
 Manifold Assault         Tloc           0%         N/A       100%        5
 Storm Form               Tmut/Air       0%         N/A       100%        7


Dungeon Overview and Level Annotations

Branches:
Dungeon (5/15)              Sewer (visited)
 Temple: D:4-7

Altars:
Ashenzari
Cheibriados
Dithmenos
Elyvilon
Makhleb
Ru
Trog
Vehumet
Yredelemnul


Innate Abilities, Weirdness & Mutations

You regenerate health from kills.
Your movements are slightly less encumbered by armour. (ER -2)
You have a small tail.


Message History

a +0 shortbow; 18 arrows You feel a strong urge to attack something.
You are no longer berserk.
You are exhausted.
You feel yourself slow down. The iguana barely misses you.
You closely miss the iguana. The iguana barely misses you.
You closely miss the iguana. The iguana closely misses you.
You slash the iguana!
The iguana is moderately wounded.
The iguana bites you! The iguana barely misses you.
You are too injured to fight recklessly!
You are too injured to fight recklessly!
You are too injured to fight recklessly!
You are too injured to fight recklessly!
You hit the iguana.
The iguana is heavily wounded.
The iguana bites you!
You barely miss the iguana.
The iguana is heavily wounded.
The iguana bites you!
* * * LOW HITPOINT WARNING * * *
You hit the iguana but do no damage.
The iguana is heavily wounded.
The iguana closely misses you. The iguana bites you.
* * * LOW HITPOINT WARNING * * *
Your skin crawls.
You feel strong-willed. The iguana bites you.
* * * LOW HITPOINT WARNING * * *
The iguana hisses menacingly.
The iguana completely misses you. The iguana bites you!
* * * LOW HITPOINT WARNING * * *
You see here 10 gold pieces.
You feel the effects of Trog's Hand fading.
The iguana bites you.
* * * LOW HITPOINT WARNING * * *
Your skin stops crawling.
You feel less strong-willed. The iguana bites you!
You die...

..... ...... ............####
.... #......#................
#...###...?......O.....##.....
.##.....................##......
................................
..#.....(...............<†..###.
#....................#.....#
#..#....##.........###...###.
#......###..@......# ##.....#
##.###).###.l.......# #..#...
.#..####..##...#.....####.....#
..........$.>.............#...#
..#.#...........................
##. ##.................<..####..
#.. ##.................O..####.#
#..###...........÷....###c......#
.......#.#..............#..##...#


You could see an ogre (wandering) and an iguana.

Vanquished Creatures
  Eustachio (D:4)
  2 ogres (D:5)
  A centaur (D:5)
  A phantom (D:4)
  A scorpion (D:4)
  A hound (D:5)
  A bullfrog skeleton (D:4)
  An iguana (D:4)
  4 gnolls (D:4)
  3 adders
  7 river rats
  A worm (D:2)
  A dart slug (D:3)
  An orc (D:3)
  6 endoplasms
  4 giant cockroaches
  4 goblins
  3 hobgoblins
  4 jackals
  2 quokkas
  11 ball pythons
  8 bats
  5 frilled lizards
  7 kobolds
  16 rats
96 creatures vanquished.

Notes
Turn   | Place    | Note
-------+----------+-------------------------------------------
     0 | D:1      | knot the Demonspawn Berserker began the quest for the Orb.
     0 | D:1      | Reached XP level 1. HP: 18/18 MP: 1/1
    57 | D:1      | Reached skill level 3 in Axes
   248 | D:1      | Gained mutation: You regenerate a little health from kills.
                  | [demonic ancestry]
   248 | D:1      | Reached XP level 2. HP: 21/24 MP: 2/2
   588 | D:1      | Found a faded altar of an unknown god.
   843 | D:2      | Gained mutation: Your movements are slightly less
                  | encumbered by armour. (ER -2) [demonic ancestry]
   843 | D:2      | Reached XP level 3. HP: 29/29 MP: 3/3
  1238 | D:2      | Reached skill level 4 in Axes
  1360 | D:2      | Reached ** piety under Trog
  1946 | D:3      | Found a glowing drain.
  1957 | D:3      | Reached XP level 4. HP: 34/35 MP: 4/4
  1963 | Sewer    | Entered a sewer
  2316 | Sewer    | Reached skill level 5 in Axes
  2645 | Sewer    | Reached XP level 5. HP: 28/41 MP: 5/5
  3513 | D:3      | Found a shadowy altar of Dithmenos.
  3516 | D:3      | Found a bloodstained altar of Trog.
  3517 | D:3      | Found a basalt altar of Yredelemnul.
  3517 | D:3      | Found a radiant altar of Vehumet.
  3517 | D:3      | Found a burning altar of Makhleb.
  3519 | D:3      | Found a broken altar of Ashenzari.
  3520 | D:3      | Found a snail-covered altar of Cheibriados.
  3522 | D:3      | Found a sacrificial altar of Ru.
  3945 | D:4      | Reached skill level 6 in Axes
  4217 | D:4      | Gained mutation: You have a small tail. [demonic ancestry]
  4217 | D:4      | Reached XP level 6. HP: 20/47 MP: 6/6
  4679 | D:4      | Noticed Eustachio
  5423 | D:4      | Killed Eustachio
  5424 | D:4      | Reached skill level 7 in Axes
  5424 | D:4      | Reached skill level 1 in Throwing
  5424 | D:4      | Gained mutation: You regenerate health from kills. [demonic
                  | ancestry]
  5424 | D:4      | Reached XP level 7. HP: 29/52 MP: 7/7
  5888 | D:5      | Entered Level 5 of the Dungeon
  6995 | D:5      | Slain by an iguana

Illustrated notes

Levels and vault maps discovered:
D:1:      minmay_arrival_nine_rooms, layout_rooms, basic_ecumenical_altar
D:2:      layout_basic
D:3:      layout_loops_ring, minitemple, portal_sewer_entry_b,
          lemuel_old_faithful
D:4:      layout_basic, uniq_eustachio
D:5:      layout_layer_cave, minivault_24

Skill      XL: |  1  2  3  4  5  6  7 |
---------------+----------------------+-----
Axes           | 3 4 5 6 7 |  7.6
Throwing       | 1 3 |  3.1
Fighting       | |  3.0
Armour         | |  1.7
Dodging        | |  1.7

Action                   |  1- 3 |  4- 6 |  7- 9 || total
-------------------------+-------+-------+-------++-------
Melee: Hand axe          |   134 |   188 |    29 ||   351
       Punch             |       |     5 |       ||     5
       Tailslap          |       |       |     4 ||     4
Throw: Boomerang         |       |     3 |       ||     3
Invok: Berserk           |     3 |     8 |     5 ||    16
       Trog's Hand       |       |       |     1 ||     1
 Stab: Sleeping          |     2 |     5 |       ||     7
Armor: Animal skin       |    46 |    23 |     3 ||    72
Dodge: Dodged            |   112 |   118 |    23 ||   253

Table legend: (Time is in decaauts)
 A = Elapsed time spent in this place.
 B = Non-inter-level travel time spent in this place.
 C = Inter-level travel time spent in this place.
 D = Time resting spent in this place.
 E = Time spent auto-exploring this place.
 F = Levels seen in this place.
 G = Mean time per level.
                   A        B        C        D        E       F      G
               +--------+--------+--------+--------+--------+-----+--------+
         Total |   7193 |   7071 |    122 |   2602 |   3552 |   6 | 1198.8 |
       Dungeon |   6137 |   6015 |    122 |   2202 |   3125 |   5 | 1227.4 |
         Sewer |   1055 |   1055 |      0 |    399 |    426 |   1 | 1055.0 |
               +--------+--------+--------+--------+--------+-----+--------+

Top non-repeatable levels by time:
     D:4: 2974 daAuts
     D:2: 1195 daAuts
   Sewer: 1055 daAuts
     D:1: 759 daAuts
     D:3: 670 daAuts
     D:5: 538 daAuts
